 Dungeon Crawl Stone Soup version 0.30-a0-852-g08b95dd62f (webtiles) character file.

Game seed: 10582218668312077795

245 Demosthentine the Poker (level 5, -1/40 (41) HPs)
             Began as a Demonspawn Gladiator on Mar 4, 2023.
             Slain by Crazy Yiuf
             ... wielding a +3 quarterstaff of chaos
              (11 damage)
             ... on level 2 of the Dungeon.
             The game lasted 00:01:16 (1367 turns).

Demosthentine the Poker (Demonspawn Gladiator)      Turns: 1367, Time: 00:01:17

HP:   -1/40 (41)    AC:  3    Str: 17    XL:     5   Next: 84%
MP:   5/5           EV: 13    Int:  9    God:
Gold: 116           SH:  0    Dex: 14    Spells: 4/4 levels left

rFire   . . .      SeeInvis .    a - +0 trident
rCold   . . .      Faith    .    (no shield)
rNeg    . . .      Spirit   .    b - +0 leather armour
rPois   .          Reflect  .    (helmet restricted)
rElec   .          Rampage  .    (no cloak)
rCorr   .                        (no gloves)
Will    .....                    (no boots)
Stlth   +                        (no amulet)
HPRegen 0.26/turn                (no ring)
MPRegen 0.09/turn                (no ring)

@: lightly drained
A: horns 1, foul stench 1
a: no special abilities


You were on level 2 of the Dungeon.
You visited 1 branch of the dungeon, and saw 2 of its levels.

You collected 116 gold pieces.

Inventory:

Hand Weapons
 a - a +0 trident (weapon)
Missiles
 e - a javelin (quivered)
Armour
 b - a +0 leather armour (worn)
Scrolls
 h - a scroll of silence {unknown}
 j - a scroll of identify {unknown}
Potions
 c - a potion of lignification {unknown}
 f - a potion of flight {unknown}
 g - a potion of might {unknown}
 i - a potion of ambrosia {unknown}


   Skills:
 + Level 3.5 Fighting
 + Level 3.8 Polearms
 - Level 1.7 Throwing
 + Level 2.3 Armour
 + Level 3.7 Dodging


You had 4 spell levels left.
You didn't know any spells.
Your spell library was empty.

Dungeon Overview and Level Annotations

Branches:
Dungeon (2/15)

Altars:

Shops:
D:2 *

Annotations:
D:2 Crazy Yiuf


Innate Abilities, Weirdness & Mutations

You have a pair of small horns on your head.
You may rarely emit foul miasma when damaged in melee.


Message History

Crazy Yiuf cries, "Liver!"
Throw: 2 throwing nets
Press: ? - help, Q - select action, (/) - cycle Shift-Dir - straight line You throw a throwing net.
The throwing net closely misses Crazy Yiuf.
Crazy Yiuf hits you with a +3 quarterstaff of chaos.
You suddenly lose the ability to move!
Crazy Yiuf hits you with a +3 quarterstaff of chaos.
You feel drained.
Crazy Yiuf hits you with a +3 quarterstaff of chaos!
Crazy Yiuf freezes you!
* * * LOW HITPOINT WARNING * * *
You can move again.
Unknown command.
Throw: throwing net
Press: ? - help, Q - select action, (/) - cycle Shift-Dir - straight line, f - Crazy Yiuf
Aim: Crazy Yiuf, wielding a +3 quarterstaff of chaos and wearing a +0 cloak of stealth (63% to hit)
You throw a throwing net. The throwing net hits Crazy Yiuf.
Crazy Yiuf is caught in the net!
Crazy Yiuf struggles against the net.
Unknown command.
You strike the helpless Crazy Yiuf from behind!
You hit Crazy Yiuf. You headbutt Crazy Yiuf.
Crazy Yiuf is moderately wounded.
Crazy Yiuf struggles against the net.
You barely miss Crazy Yiuf.
Crazy Yiuf is moderately wounded.
Crazy Yiuf struggles against the net.
You strike the helpless Crazy Yiuf from behind!
You puncture Crazy Yiuf!
Crazy Yiuf is heavily wounded.
Crazy Yiuf says, "Crazy?
Crazy!?
PORCUPINE!"
Crazy Yiuf struggles against the net. x2
The net rips apart, and Crazy Yiuf comes free!
You hit Crazy Yiuf. Your headbutt misses Crazy Yiuf.
Your punch misses Crazy Yiuf.
Crazy Yiuf is severely wounded.
Crazy Yiuf cries, "Proton tortoise bag!"
Crazy Yiuf hits you with a +3 quarterstaff of chaos!
You die...

....#####.# ....#
#.# ..### #.# .##
### .# ### ##
##.##♣♣♣♣♣
#......♣.♣♣♣ ###
#....P..♣..♣#...#
#.....P♣♣♣♣@g...#
#.....♣♣ ♣♣#..(#
#..##♣♣ ### ##.#
#..# #..#########
######..........#
........<.......#
######..........#


You could see Crazy Yiuf.

Vanquished Creatures
  Sigmund (D:2)
  3 adders (D:2)
  A worm (D:2)
  6 endoplasms
  4 giant cockroaches
  4 goblins
  4 hobgoblins
  9 jackals (D:1)
  3 quokkas (D:2)
  5 ball pythons
  2 bats (D:1)
  2 frilled lizards
  4 kobolds
  4 rats
52 creatures vanquished.

Notes
Turn   | Place    | Note
-------+----------+-------------------------------------------
     0 | D:1      | Demosthentine the Demonspawn Gladiator began the quest for
                  | the Orb.
     0 | D:1      | Reached XP level 1. HP: 16/16 MP: 1/1
   117 | D:1      | Gained mutation: You have a pair of small horns on your
                  | head. [demonic ancestry]
   117 | D:1      | Reached XP level 2. HP: 8/22 MP: 2/2
   597 | D:1      | Reached skill level 1 in Armour
   726 | D:1      | Reached XP level 3. HP: 28/28 MP: 3/3
   887 | D:2      | Found a runed translucent door.
   888 | D:2      | Noticed Crazy Yiuf
   912 | D:2      | Found Bacsepop's Assorted Antiques.
  1110 | D:2      | Reached XP level 4. HP: 34/34 MP: 4/4
  1112 | D:2      | Noticed Sigmund
  1129 | D:2      | Killed Sigmund
  1130 | D:2      | Gained mutation: You may rarely emit foul miasma when
                  | damaged in melee. [demonic ancestry]
  1130 | D:2      | Reached XP level 5. HP: 31/41 MP: 5/5
  1360 | D:2      | Paralysed by Crazy Yiuf for 2 turns
  1367 | D:2      | Slain by Crazy Yiuf

Illustrated notes

Levels and vault maps discovered:
D:1:      zelgadis_glass_arrival_small, layout_basic
D:2:      layout_rooms, serial_shops, nicolae_shop_overgrown_old_shop,
          minmay_misc_feat_more_columns, uniq_sigmund, uniq_crazy_yiuf_cottage

Skill      XL: |  1  2  3  4 |
---------------+-------------+-----
Polearms       | 3 |  3.8
Dodging        | 3 |  3.7
Armour         | 1 2 |  2.3
Fighting       | 3 |  3.5
Throwing       | |  1.7

Action                     |  1- 3 |  4- 6 || total
---------------------------+-------+-------++-------
  Melee: Trident           |   119 |    25 ||   144
         Punch             |     1 |       ||     1
         Headbutt          |     7 |     2 ||     9
  Throw: Throwing net      |       |     3 ||     3
    Use: Scroll            |     2 |       ||     2
   Stab: Sleeping          |     4 |       ||     4
         Held in net/web   |       |     2 ||     2
 Armour: Leather armour    |    20 |     2 ||    22
  Dodge: Dodged            |    81 |     4 ||    85

Table legend: (Time is in decaauts)
 A = Elapsed time spent in this place.
 B = Non-inter-level travel time spent in this place.
 C = Inter-level travel time spent in this place.
 D = Time resting spent in this place.
 E = Time spent auto-exploring this place.
 F = Levels seen in this place.
 G = Mean time per level.
                   A        B        C        D        E       F      G
               +--------+--------+--------+--------+--------+-----+--------+
         Total |   1387 |   1372 |     15 |      0 |   1080 |   2 |  693.5 |
       Dungeon |   1387 |   1372 |     15 |      0 |   1080 |   2 |  693.5 |
               +--------+--------+--------+--------+--------+-----+--------+

Top non-repeatable levels by time:
     D:1: 883 daAuts
     D:2: 503 daAuts
